 Dungeon Crawl Stone Soup version 0.26.0-16-gc1dbca0489 (webtiles) character file.

Game seed: 17404570195063797376

77 thiole the Sneak (level 4, 0/27 HPs)
             Began as an Octopode Hedge Wizard on Jan 21, 2021.
             Succumbed to an adder's poison
             ... on level 2 of the Dungeon.
             The game lasted 00:02:23 (2422 turns).

thiole the Sneak (Octopode Hedge Wizard)            Turns: 2422, Time: 00:02:23

Health: 0/27       AC:  1    Str:  8 (9)  XL:     4   Next: 34%
Magic:  9/9        EV: 13    Int: 15 (17) God:
Gold:   74         SH:  0    Dex: 10 (11) Spells: 2/10 levels left

rFire    . . .     SeeInvis .   a - +0 dagger
rCold    . . .     Faith    .   (no shield)
rNeg     . . .     Spirit   .   b - +0 hat
rPois    .         Reflect  .   (no amulet)
rElec    .         Harm     .   (no ring)
rCorr    .         Rampage  .   (no ring)
Will     .....                  (no ring)
Stlth    +++.......             (no ring)
HPRegen  0.09/turn              (no ring)
MPRegen  0.11/turn              (no ring)
                                (no ring)
                                (no ring)

@: lethally poisoned (0 -> -3), attractive
A: almost no armour, stealthy swim, amphibious, 8 rings, constrict 8, camouflage
1, gelatinous body 1
a: no special abilities


You were on level 2 of the Dungeon.
You visited 1 branch of the dungeon, and saw 2 of its levels.

You collected 74 gold pieces.

Inventory:

Hand Weapons
 a - a +0 dagger (weapon)
Armour
 b - a +0 hat (worn)
Jewellery
 n - an uncursed ring of ice {unknown}
Scrolls
 e - a scroll of immolation {unknown}
 f - a scroll of fear {unknown}
 g - 3 scrolls of remove curse {unknown}
 h - 6 scrolls of identify {unknown}
 j - a scroll of teleportation {unknown}
 l - a scroll of enchant weapon {unknown}
 m - a scroll of blinking {unknown}
 o - a scroll of magic mapping {unknown}
Potions
 k - a potion of haste {unknown}
 p - a potion of lignification {unknown}


   Skills:
 - Level 2.0 Dodging
 + Level 3.9 Stealth
 + Level 3.5 Spellcasting
 - Level 2.0 Conjurations
 + Level 0.2 Hexes
 - Level 2.0 Summonings
 - Level 1.0 Translocations
 * Level 0.4 Air Magic


You had 2 spell levels left.
You knew the following spells:

 Your Spells              Type           Power        Failure   Level
a - Magic Dart            Conj           32%          9%          1
b - Call Imp              Summ           8%           13%         2
c - Slow                  Hex            3%           26%         2
d - Mephitic Cloud        Conj/Pois/Air  5%           38%         3

Your spell library contained the following spells:

 Spells                   Type           Power        Failure   Level
 Blink                    Tloc           N/A          19%         2
 Conjure Flame            Conj/Fire      5%           36%         3


Dungeon Overview and Level Annotations

Branches:
Dungeon (2/15)

Altars:


Innate Abilities, Weirdness & Mutations

You cannot wear most types of armour.
You are very stealthy in the water. (Stealth+)
You are amphibious.
You can wear up to eight rings at the same time.
You can use your tentacles to constrict eight enemies at once.
Your skin changes colour to match your surroundings (Stealth+).
Your rubbery body absorbs attacks. (AC +1, EV +1)


Message History

* * * LOW HITPOINT WARNING * * *
You feel sick.
* * * LOW HITPOINT WARNING * * *
You feel sick.
* * * LOW HITPOINT WARNING * * *
You feel sick.
* * * LOW HITPOINT WARNING * * *
You feel sick.
There is a stone staircase leading down here.
Found a scroll labelled HOSE GEFIU.
There is a stone staircase leading down here.
* * * LOW HITPOINT WARNING * * *
You feel sick.
It was a potion of attraction.
You feel attractive to monsters.
It was a potion of degeneration.
There was something very wrong with that liquid.
You feel weakened.
You feel dopey.
You feel clumsy.
It was a potion of magic.
Magic courses through your body.
You die...

...# #.# ##..# #.# ....#
#.. . #..# #.# .
#..###### #.# .# ..
##.......#####.####.#...
................@......#
..............>.........
##..###..#####.#.##..#.#
##..###..............#
.#.........###.#.##..#
##..###..#.# #.#.# .#
##..# #..#.# ###.# .?
....###..#.#####.## .#
##................##...#


There were no monsters in sight!

Vanquished Creatures
  3 adders (D:2)
  An ooze (D:2)
  3 worms (D:2)
  A dart slug (D:2)
  A leopard gecko (D:1)
  7 bats
  A goblin (D:1)
  4 hobgoblins
  6 jackals (D:1)
  2 ball pythons (D:2)
  A frilled lizard (D:1)
  3 kobolds
  2 rats
35 creatures vanquished.

Notes
Turn   | Place    | Note
-------+----------+-------------------------------------------
     0 | D:1      | thiole the Octopode Hedge Wizard began the quest for the
                  | Orb.
     0 | D:1      | Reached XP level 1. HP: 11/11 MP: 4/4
   330 | D:1      | Reached XP level 2. HP: 17/17 MP: 1/6
  1244 | D:2      | Reached XP level 3. HP: 21/21 MP: 5/7
  1910 | D:2      | Reached XP level 4. HP: 22/27 MP: 5/9
  2006 | D:2      | Learned a level 2 spell: Call Imp
  2009 | D:2      | Learned a level 2 spell: Slow
  2013 | D:2      | Learned a level 3 spell: Mephitic Cloud
  2418 | D:2      | HP: 1/27 [poisoned by an adder]
  2422 | D:2      | Succumbed to an adder's poison

Illustrated notes

Levels and vault maps discovered:
D:1:      minmay_arrival_diagonal_passages, layout_basic
D:2:      layout_basic

Skill      XL: |  1  2  3 |
---------------+----------+-----
Stealth        | 3 |  3.9
Conjurations   | 2 |  2.0
Summonings     | 2 |  2.0
Dodging        | |  2.0
Spellcasting   | |  3.5
Hexes          | |  0.2
Translocations | |  1.0
Air Magic      | |  0.4

Action                   |  1- 3 |  4- 6 || total
-------------------------+-------+-------++-------
Melee: Dagger            |    45 |    14 ||    59
       Constrict         |    11 |     4 ||    15
       Tentacles         |     9 |     2 ||    11
 Cast: Magic Dart        |    55 |    22 ||    77
  Use: Potion            |       |     3 ||     3
 Stab: Sleeping          |     1 |       ||     1
Armor: Skin              |     3 |     2 ||     5
Dodge: Dodged            |    35 |     8 ||    43
